 Dungeon Crawl Stone Soup version 0.30-a0-422-g946f4849ff (webtiles) character file.

Game seed: 3880911830342558421

108025 MTVSty1e the Executioner (level 16, -18/150 (159) HPs)
             Began as a Minotaur Fighter on Dec 8, 2022.
             Was the Champion of Okawaru.
             Killed from afar by a deep elf knight (25 damage)
             ... with a shard of ice
             ... on level 2 of the Orcish Mines.
             The game lasted 00:37:37 (27326 turns).

MTVSty1e the Executioner (Minotaur Fighter)        Turns: 27326, Time: 00:37:37

HP:   -18/150 (159) AC: 16    Str: 22    XL:     16   Next: 1%
MP:   20/20         EV: 10    Int:  5    God:    Okawaru [******]
Gold: 1591          SH:  6    Dex: 15    Spells: 15/15 levels left

rFire   . . .      SeeInvis .    x - +9 broad axe (elec)
rCold   x . .      Faith    .    c - +0 buckler
rNeg    + . .      Spirit   .    H - +1 ring mail of Catatonia {rElec rF- Will+++ Dex+3}
rPois   +          Reflect  .    (helmet restricted)
rElec   +          Harm     .    O - +2 cloak "Soulox" {-Cast rN+ Will+}
rCorr   +          Rampage  .    C - +0 pair of gloves
Will    +++++      NoCast   +    J - +2 pair of boots {Fly}
Stlth   +.........               L - amulet of regeneration
HPRegen 1.25/turn                A - ring of the Shining Light {Fire rElec rPois rCorr Str-5}
MPRegen 0.17/turn                F - +4 ring of slaying

@: flying, drained
A: horns 2, retaliatory headbutt
a: Renounce Religion, Heroism, Finesse, Duel


You were on level 2 of the Orcish Mines.
You worshipped Okawaru.
Okawaru was exalted by your worship.
You visited 5 branches of the dungeon, and saw 24 of its levels.
You also visited: Ossuary, Bailey and Ice Cave.

You collected 2691 gold pieces.
You spent 1100 gold pieces at shops.

Inventory:

Hand Weapons
 t - the +7 mace of the Thoughtful Beds {flame, rCorr}
   (You found it in an ice cave)

   It burns those it strikes, dealing additional fire damage.
   rCorr:     It protects you from acid and corrosion.
 x - a +9 broad axe of electrocution (weapon)
Armour
 c - a +0 buckler (worn)
 d - a +0 crystal plate armour
 l - a +2 plate armour of fire resistance
 C - a +0 pair of gloves (worn)
 D - +0 fire dragon scales
 H - the +1 ring mail of Catatonia (worn) {rElec rF- Will+++ Dex+3}
   (You bought it in a shop on level 1 of the Dungeon)

   Dex:       It affects your dexterity (+3).
   rF:        It makes you vulnerable to fire.
   rElec:     It insulates you from electricity.
   Will:      It greatly increases your willpower.
 J - a +2 pair of boots of flying (worn)
 O - the +2 cloak "Soulox" (worn) {-Cast rN+ Will+}
   (Okawaru gifted it to you on level 10 of the Dungeon)

   rN:        It protects you from negative energy.
   -Cast:     It prevents spellcasting.
   Will:      It increases your willpower.
Jewellery
 A - the ring of the Shining Light (left hand) {Fire rElec rPois rCorr Str-5}
   (You bought it in a shop on level 1 of the Dungeon)

   [ring of fire]

   It enhances your fire magic.
   Str:       It affects your strength (-5).
   rF:        It protects you from fire.
   rC:        It makes you vulnerable to cold.
   rElec:     It insulates you from electricity.
   rPois:     It protects you from poison.
   rCorr:     It protects you from acid and corrosion.
 F - a +4 ring of slaying (right hand)
 L - an amulet of regeneration (around neck)
Wands
 a - a wand of iceblast (5)
 g - a wand of flame (22)
 o - a wand of mindburst (6)
 u - a wand of light (12)
Scrolls
 b - 3 scrolls of enchant armour
 f - 4 scrolls of magic mapping
 k - 11 scrolls of identify
 m - 2 scrolls of fear
 n - 13 scrolls of teleportation
 y - a scroll of fog
 E - 5 scrolls of immolation
 I - 2 scrolls of poison
 M - 2 scrolls of enchant weapon
 R - a scroll of blinking
Potions
 e - 8 potions of flight
 h - 5 potions of haste
 i - 6 potions of lignification
 j - 5 potions of brilliance
 p - 2 potions of magic
 q - 2 potions of might
 r - 2 potions of resistance
 s - 3 potions of attraction
 v - 3 potions of invisibility
 z - 3 potions of mutation
 B - 14 potions of curing
 G - a potion of ambrosia


   Skills:
 + Level 18.4 Fighting
 * Level 24.8 Axes
 + Level 9.3 Armour
 + Level 9.1 Shields
 + Level 6.9 Invocations


You had 15 spell levels left.
You didn't know any spells.
Your spell library contained the following spells:

 Spells                   Type           Power      Damage    Failure   Level
 Beastly Appendage        Tmut           0%         N/A       69%         1
 Foxfire                  Conj/Fire      0%         2x1d4     69%         1
 Magic Dart               Conj           0%         1d3       69%         1
 Necrotise                Necr           0%         1d4       69%         1
 Blink                    Tloc           0%         N/A       83%         2
 Cigotuvi's Dreadful Rot  Necr/Pois/Air  0%         N/A       83%         2
 Ensorcelled Hibernation  Hex/Ice        0%         N/A       83%         2
 Poisonous Vapours        Pois/Air       0%         N/A       83%         2
 Sublimation of Blood     Necr           0%         N/A       83%         2
 Wereblood                Tmut           0%         N/A       83%         2
 Gell's Gravitas          Tloc           0%         N/A       96%         3
 Inner Flame              Hex/Fire       0%         N/A       96%         3
 Mephitic Cloud           Conj/Pois/Air  0%         N/A       96%         3
 Ozocubu's Armour         Ice            0%         N/A       96%         3
 Spider Form              Tmut/Pois      0%         N/A       96%         3
 Teleport Other           Tloc           0%         N/A       96%         3
 Vampiric Draining        Necr           0%         2d6       96%         3
 Anguish                  Hex/Necr       0%         N/A       100%        4
 Cause Fear               Hex            0%         N/A       100%        4
 Leda's Liquefaction      Hex/Erth       0%         N/A       100%        4
 Manifold Assault         Tloc           0%         N/A       100%        4
 Petrify                  Tmut/Erth      0%         N/A       100%        4
 Agony                    Necr           0%         N/A       100%        5
 Borgnjor's Vile Clutch   Necr/Erth      0%         N/A       100%        5
 Fireball                 Conj/Fire      0%         3d3       100%        5
 Irradiate                Conj/Tmut      0%         3d11      100%        5
 Lee's Rapid Deconstruct  Erth           0%         3d4*      100%        5
 Dispersal                Tloc           0%         N/A       100%        6
 Starburst                Conj/Fire      0%         6d3       100%        6
 Statue Form              Tmut/Erth      0%         N/A       100%        6
 Ozocubu's Refrigeration  Ice            0%         4d7       100%        7
 Storm Form               Tmut/Air       0%         N/A       100%        7
 Discord                  Hex            0%         N/A       100%        8
 Call Imp                 Summ           Unusable   N/A       N/A         2
 Animate Dead             Necr           Unusable   N/A       N/A         4
 Death Channel            Necr           Unusable   N/A       N/A         6

Dungeon Overview and Level Annotations

Branches:
Dungeon (15/15)            Temple (1/1) D:5            Lair (5/5) D:9
  Swamp (0/4) Lair:3       Spider (0/4) Lair:3        Slime (0/5) Lair:4
    Orc (2/2) D:10            Elf (1/3) Orc:2        Vaults (0/5) D:13
 Depths (0/4) D:15        Ossuary (visited)          Bailey (visited)
  IceCv (visited)

Altars:
Ashenzari
Cheibriados
Dithmenos
Elyvilon
Fedhas
Gozag
Hepliaklqana
Kikubaaqudgha
Makhleb
Nemelex Xobeh
Okawaru
Qazlal
Ru
Sif Muna
Trog
Uskayaw
Vehumet
Wu Jian
Xom
Yredelemnul
Zin
The Shining One
Jiyva

Shops:
D:1 =[   D:2 (   D:9 [   Orc:2 *[*(!


Innate Abilities, Weirdness & Mutations

You have a pair of horns on your head.
You reflexively headbutt those who attack you in melee.


Message History

* * * LOW HITPOINT WARNING * * *
The deep elf archer shoots an arrow.
The arrow hits you!
* * * LOW HITPOINT WARNING * * *
The deep elf knight gestures wildly while chanting.
The deep elf knight flickers and vanishes!
There is a staircase back to the Mines, spattered with blood here.
You feel much better. Something hits you but does no damage.
You partially resist.
The deep elf archer shoots an arrow.
You block the arrow. Something completely misses you. Something hits you.
* * * LOW HITPOINT WARNING * * *
You partially resist.
You feel drained.
You fly upwards.
Welcome back to the Orcish Mines!
Reactivating autopickup.
There is a staircase to the Elven Halls here.
You start resting.
Something hits you.
* * * LOW HITPOINT WARNING * * *
You partially resist.
You feel drained.
Deactivating autopickup; reactivate with Ctrl-A.
Something hits you but does no damage. You partially resist.
You start resting.
Something hits you!
* * * LOW HITPOINT WARNING * * *
You partially resist.
You feel drained.
* * * LOW HITPOINT WARNING * * *
You feel much better.
You hear some strange, mumbled words.
A lance of force appears from out of thin air!
The lance of force hits you!!
* * * LOW HITPOINT WARNING * * *
You are knocked back by the lance of force.
Okay, then.
You hear some strange, mumbled words.
A shard of ice appears from out of thin air!
The shard of ice hits you.
* * * LOW HITPOINT WARNING * * *
There is a stone staircase leading up here.
You hear some strange, mumbled words.
A shard of ice appears from out of thin air!
The shard of ice hits you!!
You feel a painful chill!
You die...

.# ##....>......##........#######
#####.........###..........##.###
.##.#.........................##.
.#...............................
........####..........#..........
......### #.{.......#.#.........
......# ##........#####.......
.....## #........## #......#
#.....# ##...@....# ##..#...#
#..#.## #######.## #...##...
###### ### ##.####<# ### ###


There were no monsters in sight!

Vanquished Creatures
  Nikola (Elf:1)
  Nessos (Orc:2)
  2 ettins
  Snorg (Orc:2)
  Fannar (Lair:1)
  A fire dragon (D:15)
  Josephine (Lair:5)
  2 vault guards (D:13)
  5 hydras
  An ogre mage (D:15)
  3 centaur warriors
  A dancing weapon (Elf:1)
  8 two-headed ogres
  8 death yaks
  8 orc high priests (Orc:2)
  Sonja (Orc:2)
  An orb spider (Lair:3)
  2 bog bodies (Lair:3)
  3 wizards (D:13)
  Pikel (D:7)
  A necromancer (D:15)
  A lindwurm (Lair:5)
  2 deep elf zephyrmancers (Elf:1)
  5 orc sorcerers
  2 orc knights (Orc:1)
  An oklob plant (Lair:5)
  4 deep elf pyromancers
  24 ugly things
  6 cyclopes
  2 manticores (D:13)
  6 black mambas
  3 ice statues (IceCv)
  2 naga magi (D:15)
  Maggie (D:8)
  An unseen horror (D:12)
  3 gargoyles
  14 cane toads
  4 kobold demonologists
  3 rime drakes
  2 centaur skeletons (D:15)
  Psyche (D:8)
  8 komodo dragons
  2 tengu conjurers (D:15)
  A freezing wraith (D:15)
  2 yaktaurs (D:13)
  An anaconda simulacrum (IceCv)
  8 polar bears
  6 trolls
  3 meliai (D:14)
  A queen bee (shapeshifter) (D:13)
  8 slime creatures
  6 hornets
  A dream sheep (Lair:5)
  Grinder (D:3)
  11 blink frogs
  A centaur simulacrum (D:15)
  2 shadows (D:12)
  14 spriggans (Lair:5)
  66 yaks
  9 wraiths
  3 basilisks
  18 humans (D:13)
  7 wyverns
  Eustachio (D:6)
  A redback (shapeshifter) (D:13)
  3 steam dragons
  2 vampire mosquitoes (D:14)
  A death yak simulacrum (IceCv)
  7 wargs
  A hydra simulacrum (IceCv)
  11 water moccasins
  3 acid dragons
  29 orc warriors
  3 black bears
  5 ice beasts
  3 sky beasts
  13 centaurs
  6 ogres
  4 boggarts (Lair:5)
  26 wolves
  3 lemures (D:7)
  A phantom (D:4)
  4 kobold brigands
  9 bullfrogs
  3 necrophages
  A gnoll sergeant (D:11)
  3 scorpions
  4 cane toad simulacra
  3 wights (D:6)
  8 killer bees
  3 electric eels
  A howler monkey (D:10)
  A bullfrog zombie (D:6)
  6 centaur zombies
  3 human zombies
  3 jellies
  A gnoll bouda (D:6)
  38 orc priests
  Crazy Yiuf (D:5)
  4 hounds
  Ijyb (D:5)
  4 iguanas
  21 orc wizards
  Natasha (D:2)
  2 polar bear simulacra
  2 wolf simulacra
  4 mummies
  Robin (D:2)
  3 howler monkey zombies (D:6)
  8 gnolls
  8 adders
  2 white imps
  An adder zombie (Ossuary)
  2 worms (D:2)
  2 dart slugs
  119 orcs
  7 ball pythons
  5 bats
  11 endoplasms
  2 giant cockroaches
  13 goblins
  9 hobgoblins
  3 jackals (D:1)
  2 quokkas
  3 frilled lizards
  3 goblin zombies
  13 hobgoblin zombies
  16 kobolds
  11 kobold zombies (Ossuary)
  4 orc zombies (Ossuary)
  4 rats (D:1)
  2 rat zombies (Ossuary)
  A butterfly (Lair:5)
828 creatures vanquished.

Vanquished Creatures (others)
  25 fungi
  37 plants
62 creatures vanquished.

Grand Total: 890 creatures vanquished

Notes
Turn   | Place    | Note
-------+----------+-------------------------------------------
     0 | D:1      | MTVSty1e the Minotaur Fighter began the quest for the Orb.
     0 | D:1      | Reached XP level 1. HP: 19/19 MP: 0/0
   111 | D:1      | Reached skill level 3 in Axes
   125 | D:1      | Reached XP level 2. HP: 21/27 MP: 1/1
   259 | D:1      | Found Ruin's Jewellery Shoppe.
   492 | D:1      | Found a faded altar of an unknown god.
   959 | D:1      | Found Nueluiq's Armour Shop.
   990 | D:2      | Reached skill level 4 in Axes
   990 | D:2      | Reached XP level 3. HP: 25/33 MP: 2/2
  1262 | D:2      | Noticed Natasha
  1265 | D:2      | Killed Natasha
  1266 | D:2      | Reached XP level 4. HP: 41/41 MP: 3/3
  1282 | D:2      | Noticed Robin
  1298 | D:2      | Killed Robin
  1299 | D:2      | Reached skill level 5 in Axes
  1347 | D:2      | Found Hottioba's Antique Weapon Shoppe.
  1795 | D:3      | Found a shimmering blue altar of Sif Muna.
  1802 | D:3      | Reached skill level 5 in Fighting
  1802 | D:3      | Reached XP level 5. HP: 48/48 MP: 4/4
  1892 | D:3      | Found a white marble altar of Elyvilon.
  1997 | D:3      | Found a burning altar of Makhleb.
  1997 | D:3      | Noticed a green death
  2001 | D:3      | Noticed a ynoxinul
  2001 | D:3      | Noticed a smoke demon
  2092 | D:3      | Noticed Grinder
  2099 | D:3      | Reached skill level 6 in Axes
  2104 | D:3      | Killed Grinder
  2105 | D:3      | Reached skill level 7 in Axes
  2105 | D:3      | Reached XP level 6. HP: 20/57 MP: 5/5
  2607 | D:3      | Found a stormy altar of Qazlal.
  2685 | D:4      | Reached XP level 7. HP: 62/64 MP: 6/6
  2711 | D:4      | Reached skill level 8 in Axes
  3692 | D:5      | Entered Level 5 of the Dungeon
  3992 | D:5      | Found a staircase to the Ecumenical Temple.
  4059 | D:5      | Noticed Ijyb
  4070 | D:5      | Killed Ijyb
  4071 | D:5      | Reached skill level 9 in Axes
  4120 | D:5      | Found a sand-covered staircase.
  4132 | Ossuary  | Entered an ossuary
  4207 | Ossuary  | Reached XP level 8. HP: 63/73 MP: 7/7
  4636 | Temple   | Entered the Ecumenical Temple
  4720 | Temple   | Became a worshipper of Warmaster Okawaru
  4939 | D:5      | Reached skill level 10 in Axes
  5162 | D:5      | Found a blossoming altar of Fedhas.
  5489 | D:5      | Reached * piety under Okawaru
  5558 | D:5      | Found a runed translucent door.
  5559 | D:5      | Noticed Crazy Yiuf
  5627 | D:5      | Killed Crazy Yiuf
  5695 | D:6      | Reached skill level 11 in Axes
  5735 | D:6      | Noticed Eustachio
  5769 | D:6      | Killed Eustachio
  5769 | D:6      | Reached ** piety under Okawaru
  5770 | D:6      | Reached XP level 9. HP: 51/83 MP: 8/8
  5937 | D:6      | Reached skill level 12 in Axes
  6468 | D:6      | Found a radiant altar of Vehumet.
  6541 | D:6      | Found a basalt altar of Yredelemnul.
  6577 | D:6      | Reached skill level 13 in Axes
  6735 | D:7      | Reached *** piety under Okawaru
  6739 | D:7      | Reached skill level 10 in Fighting
  6937 | D:7      | Noticed Pikel
  6946 | D:7      | Killed Pikel
  7098 | D:7      | Reached skill level 14 in Axes
  7163 | D:7      | Reached **** piety under Okawaru
  7164 | D:7      | Reached XP level 10. HP: 85/94 MP: 9/9
  7811 | D:8      | Noticed Maggie
  7826 | D:8      | Killed Maggie
  7827 | D:8      | Reached skill level 15 in Axes
  8099 | D:8      | Noticed Psyche
  8168 | D:8      | Killed Psyche
  8767 | D:9      | Noticed a two-headed ogre
  9052 | D:9      | Found a staircase to the Lair.
  9115 | D:9      | Reached ***** piety under Okawaru
  9121 | D:9      | Received a gift from Okawaru
  9122 | D:9      | Reached skill level 16 in Axes
  9177 | D:9      | Killed a two-headed ogre
  9178 | D:9      | Reached XP level 11. HP: 101/104 MP: 7/10
  9223 | D:9      | Found an opulent altar of Gozag.
  9641 | D:9      | Found Loanown's Armour Shoppe.
 10030 | Lair:1   | Entered Level 1 of the Lair of Beasts
 10183 | Lair:1   | Reached skill level 17 in Axes
 10532 | Lair:1   | Reached skill level 18 in Axes
 10659 | Lair:1   | Noticed Fannar
 10669 | Lair:1   | Killed Fannar
 10669 | Lair:1   | Received a gift from Okawaru
 11068 | Lair:2   | Identified a scroll of acquirement
 11068 | Lair:2   | Acquired a +4 broad axe of electrocution
 11071 | Lair:2   | Noticed a death yak
 11076 | Lair:2   | Reached ****** piety under Okawaru
 11078 | Lair:2   | Noticed a death yak
 11078 | Lair:2   | Noticed a death yak
 11328 | Lair:2   | Killed a death yak
 11337 | Lair:2   | Killed a death yak
 11338 | Lair:2   | Reached XP level 12. HP: 79/116 MP: 11/11
 11339 | Lair:2   | Killed a death yak
 11996 | Lair:2   | Reached skill level 19 in Axes
 12280 | Lair:3   | Identified the +9 quarterstaff "Rabir" {drain, rN+}
 12560 | Lair:3   | Found a hole to the Spider Nest.
 13032 | D:1      | Bought the ring of the Shining Light {Fire rElec rPois
                  | rCorr Str-5} for 497 gold pieces
 13388 | Lair:3   | Reached skill level 20 in Axes
 13605 | Lair:3   | Received a gift from Okawaru
 13612 | Lair:3   | Reached skill level 15 in Fighting
 13796 | Lair:3   | You are sucked into a shaft and drop 2 floors!
 13796 | Lair:5   | Entered Level 5 of the Lair of Beasts
 13820 | Lair:5   | Noticed a five-headed hydra
 13831 | Lair:5   | Killed a five-headed hydra
 13854 | Lair:5   | Received a gift from Okawaru
 13971 | Lair:5   | Found a frozen archway.
 13996 | IceCv    | Entered an ice cave
 14258 | IceCv    | Reached XP level 13. HP: 127/127 MP: 12/12
 14994 | IceCv    | Reached skill level 21 in Axes
 15211 | IceCv    | Identified the +7 mace of the Thoughtful Beds {flame,
                  | rCorr}
 15457 | Lair:5   | Received a gift from Okawaru
 15457 | Lair:5   | Found the +8 Wrath of Trog {antimagic, *Rage Rampage}
 15911 | Lair:5   | Reached skill level 22 in Axes
 16108 | Lair:3   | Found a staircase to the Swamp.
 16190 | Lair:3   | Received a gift from Okawaru
 16905 | Lair:4   | Found a runed translucent door.
 16905 | Lair:4   | Found a viscous altar of Jiyva.
 16907 | Lair:4   | Found a staircase to the Slime Pits.
 17204 | Lair:5   | Found a basalt altar of Yredelemnul.
 17263 | Lair:5   | Reached skill level 1 in Invocations
 17322 | Lair:5   | Noticed Josephine
 17331 | Lair:5   | Killed Josephine
 17680 | Lair:5   | Reached XP level 14. HP: 121/138 MP: 14/14
 17682 | Lair:5   | Paralysed by a hornet for 1 turns
 18298 | D:10     | Entered Level 10 of the Dungeon
 18324 | D:10     | Found a flagged portal.
 18333 | Bailey   | Entered a bailey
 18404 | Bailey   | Reached skill level 5 in Armour
 18646 | Bailey   | Reached skill level 23 in Axes
 18646 | Bailey   | Reached skill level 5 in Shields
 18884 | D:10     | Identified the +2 cloak "Soulox" {-Cast rN+ Will+} (Okawaru
                  | gifted it to you on level 10 of the Dungeon)
 18884 | D:10     | Received a gift from Okawaru
 18916 | D:10     | Found a staircase to the Orcish Mines.
 21716 | D:13     | Found a gate to the Vaults.
 21991 | D:13     | Received a gift from Okawaru
 22313 | D:14     | Reached XP level 15. HP: 121/148 MP: 17/17
 22355 | D:14     | Reached skill level 5 in Invocations
 23179 | D:15     | Entered Level 15 of the Dungeon
 23207 | D:15     | Received a gift from Okawaru
 23208 | D:15     | Reached skill level 24 in Axes
 24530 | D:15     | Received a gift from Okawaru
 24559 | D:15     | Found a staircase to the Depths.
 24704 | Orc:1    | Entered Level 1 of the Orcish Mines
 25328 | Orc:2    | Entered Level 2 of the Orcish Mines
 25363 | Orc:2    | Noticed Snorg
 25366 | Orc:2    | Found a staircase to the Elven Halls.
 25375 | Orc:2    | Killed Snorg
 25704 | Orc:1    | Received a gift from Okawaru
 25704 | Orc:1    | Found the +5 glaive of the Guard {elec, spectral, AC+5}
 25939 | Orc:2    | Noticed Sonja
 25944 | Orc:2    | Killed Sonja
 25968 | Orc:2    | Found Zylaur's Weapon Shop.
 26074 | Orc:1    | Acquired a +0 crystal plate armour
 26182 | Orc:2    | Found Wocus's Distillery.
 26345 | Orc:2    | Noticed Nessos
 26357 | Orc:2    | Found Burucucuf's Armour Shop.
 26357 | Orc:2    | Found Qypsaow's General Store.
 26381 | Orc:2    | Received a gift from Okawaru
 26382 | Orc:2    | Killed Nessos
 26669 | Orc:2    | Found Vosauma's Assorted Antiques.
 27021 | D:1      | Bought the +1 ring mail of Catatonia {rElec rF- Will+++
                  | Dex+3} for 603 gold pieces
 27274 | Elf:1    | Entered Level 1 of the Elven Halls
 27287 | Elf:1    | Noticed Nikola
 27302 | Elf:1    | Killed Nikola
 27303 | Elf:1    | Reached XP level 16. HP: 74/159 MP: 20/20
 27315 | Elf:1    | HP: 2/155 [deep elf archer/arrow (12)]
 27320 | Orc:2    | HP: 4/153 [something (15)]
 27320 | Orc:2    | HP: 1/150 [something (3)]
 27326 | Orc:2    | Killed from afar by a deep elf knight

Illustrated notes

Levels and vault maps discovered:
D:1:      heliophobic_arrival_henge, layout_basic, serial_shops,
          nicolae_shop_statue_plus, nicolae_lakefront_shop,
          ebering_ecumenical_altar_mist, minmay_tree_intersection,
          hangedman_decor_clover_reticule
D:2:      layout_basic, serial_shops, nicolae_diamond_shop, uniq_natasha,
          uniq_robin
D:3:      layout_basic, mainiacjoe_overflow_concentric_impassable,
          elyvilon_altar_5, makhleb_altar_promises_db,
          nicolae_qazlal_eye_of_the_storm, serial_curves, eino_curves_04,
          eino_curves_03, minmay_unequal, uniq_grinder
D:4:      layout_loops_corners, minmay_misc_feat_enclosed
D:5:      layout_loops_ring, fedhas_altar_4, minmay_temple_entry_poolview,
          nicolae_ossuary_entry_giza, hex_medium, kennysheep_generic_room_6,
          uniq_crazy_yiuf_cottage, uniq_ijyb
D:6:      layout_basic, lemuel_mausoleum_altar_yredelemnul, vehumet_crystals,
          uniq_eustachio
D:7:      layout_layer_cave, st_stairs_1, uniq_pikel
D:8:      layout_rooms, due_unseen_surprise, uniq_psyche, uniq_maggie
D:9:      layout_loops_cross, nicolae_overflow_hidden_temple, lair_entry_dummy,
          serial_shops, kennysheep_mini
D:10:     cheibrodos_wizards_tower, layout_irregular_city, david_orc_3,
          enter_bailey_6, serial_bayou_pond_c, minmay_misc_feat_plants
D:11:     layout_rooms, minmay_misc_feat_rugged, kennysheep_nondescript
D:12:     layout_stronghold
D:13:     layout_basic, grunt_vaults_entry_tiered, lightli_corner_chamber
D:14:     layout_loops_ring, minmay_misc_feat_tower, minmay_misc_feat_pillars
D:15:     grunt_enter_depths_magical_seal, layout_layer_cave,
          ebering_dispersal_statue_hall, solitary_fountain
Temple:   dpeg_chambers_temple
Lair:1:   layout_roguey, st_stairs_10, grunt_megastairs_4, uniq_fannar
Lair:2:   layout_concentric_octagons, chequers_serial_rivers_micro_c,
          st_stairs_5, minivault_26, serial_bayou_shore_b, serial_bayou_shore_a
Lair:3:   layout_regular_city, skrybe_swamp_entry_bodies,
          nicolae_spider_entry_orb_guardian, grunt_megastairs_3,
          lemuel_fruit_fields, serial_bayou_shore_b
Lair:4:   layout_concentric_octagons, slime_entry_2
Lair:5:   minmay_lair_end_enchanted_forest, layout_layer_cave,
          portal_ice_cave_entry_ice_simulacra, serial_bayou_pond_a,
          grunt_forest_stairs_basic, minivault_19, lemuel_oklob_altar,
          serial_bayou_shore_b, lemuel_fruit_fields, uniq_josephine
Orc:1:    layout_diamond_mine
Orc:2:    st_orc_town, layout_diamond_mine, serial_shops,
          nicolae_lakefront_shop, uniq_snorg, uniq_nessos, uniq_sonja
Elf:1:    layout_loops_corners, minmay_elf_necromancy,
          nicolae_elf_deep_mausoleum, uniq_nikola

Skill      XL: |  1  2  3  4  5  6  7  8  9 10 11 12 13 14 15 |
---------------+----------------------------------------------+-----
Axes           | 3 4 5 7 9 11 14 16 18 20 22 23 24 | 24.8
Fighting       | 4 5 6 7 9 10 12 13 15 16 17 18 | 18.4
Armour         | 4 7 9 |  9.3
Invocations    | 1 4 6 |  6.9
Shields        | 4 7 9 |  9.1

Action                   |  1- 3 |  4- 6 |  7- 9 | 10-12 | 13-15 | 16-18 || total
-------------------------+-------+-------+-------+-------+-------+-------++-------
Melee: War axe           |    74 |    69 |   362 |   255 |       |       ||   760
       Headbutt          |     9 |    11 |    61 |    89 |   198 |     1 ||   369
       Broad axe         |       |       |       |   165 |   878 |     2 ||  1045
       Whip              |       |       |       |     7 |       |       ||     7
       Mace              |       |       |       |       |    15 |       ||    15
Invok: Heroism           |       |       |       |     2 |     4 |       ||     6
Evoke: Wand              |       |       |       |       |     3 |       ||     3
  Use: Potion            |       |     5 |       |     2 |     6 |     2 ||    15
       Scroll            |       |       |    14 |    15 |     9 |       ||    38
 Stab: Invisible         |       |       |       |       |     6 |       ||     6
Armor: Scale mail        |    31 |    53 |     7 |       |       |       ||    91
       Plate armour      |       |       |   186 |   170 |   497 |       ||   853
       Crystal plate arm |       |       |       |       |    48 |       ||    48
       Fire dragon scale |       |       |       |       |     5 |       ||     5
       Ring mail         |       |       |       |       |     3 |     5 ||     8
Dodge: Dodged            |    37 |    56 |   102 |    72 |   195 |     3 ||   465
Block: Buckler           |    21 |    29 |    77 |    51 |   181 |     1 ||   360

Table legend: (Time is in decaauts)
 A = Elapsed time spent in this place.
 B = Non-inter-level travel time spent in this place.
 C = Inter-level travel time spent in this place.
 D = Time resting spent in this place.
 E = Time spent auto-exploring this place.
 F = Levels seen in this place.
 G = Mean time per level.
                   A        B        C        D        E       F      G
               +--------+--------+--------+--------+--------+-----+--------+
         Total |  27045 |  24947 |   2098 |   6241 |  14749 |  27 | 1001.7 |
       Dungeon |  16316 |  14744 |   1572 |   2974 |   9616 |  15 | 1087.7 |
        Temple |    226 |    204 |     22 |      0 |    187 |   1 |  226.0 |
          Lair |   6490 |   6126 |    364 |   1560 |   3677 |   5 | 1298.0 |
  Orcish Mines |   1790 |   1652 |    138 |    334 |    972 |   2 |  895.0 |
   Elven Halls |     36 |     36 |      0 |      2 |      0 |   1 |   36.0 |
       Ossuary |    438 |    438 |      0 |    222 |    103 |   1 |  438.0 |
        Bailey |    484 |    484 |      0 |     52 |    191 |   1 |  484.0 |
      Ice Cave |   1262 |   1262 |      0 |   1096 |      3 |   1 | 1262.0 |
               +--------+--------+--------+--------+--------+-----+--------+

Top non-repeatable levels by time:
  Lair:5: 1915 daAuts
  Lair:3: 1742 daAuts
    D:15: 1402 daAuts
     D:8: 1362 daAuts
     D:5: 1338 daAuts
   IceCv: 1262 daAuts
  Lair:1: 1221 daAuts
     D:9: 1201 daAuts
     D:1: 1175 daAuts
    D:13: 1145 daAuts
     D:6: 1137 daAuts
     D:4: 1129 daAuts
    D:10: 1115 daAuts
   Orc:2: 1086 daAuts
    D:12: 981 daAuts
